 Dungeon Crawl Stone Soup version 0.19-GnollCrawlA-1-g03664ee (webtiles) character file.

279 GravitySqueeze the Shield-Bearer (level 1, -1/18 HPs)
             Began as a Formicid Fighter on Mar 2, 2017.
             Was an Initiate of Ru.
             Slain by GravitySqueeze's ghost (9 damage)
             ... on level 15 of the Dungeon.
             The game lasted 00:05:36 (3124 turns).

GravitySqueeze the Shield-Bearer (Formicid Fighter) Turns: 3124, Time: 00:05:37

Health: -1/18      AC: 12    Str: 20    XL:     1   Next: 0%
Magic:  1/1        EV:  7    Int:  7    God:    Ru [......]
Gold:   80         SH:  0    Dex: 10    Spells: 0 memorised, 0 levels left

rFire  . . .     SeeInvis +     a - +0 long sword
rCold  . . .     Gourm    .     c - +3 chain mail {MR+}
rNeg   . . .     Faith    .     (no shield)
rPois  .         Spirit   .     (helmet unavailable)
rElec  .         Dismiss  .     (no cloak)
rCorr  .         Reflect  .     (no gloves)
SustAt .         Harm     .     (no boots)
MR     +....                    (no amulet)
Stlth  ..........               (no ring)
                                (no ring)

@: drained
A: permanent stasis, dig shafts and tunnels, four strong arms, antennae 3
a: Dig, Shaft Self, Renounce Religion


You were on level 15 of the Dungeon.
You worshipped Ru.
Ru was noncommittal.
You were not hungry.

You visited 2 branches of the dungeon, and saw 9 of its levels.

You collected 132 gold pieces.
You spent 52 gold pieces at shops.

Inventory:

Hand Weapons
 a - a +0 long sword (weapon)
Armour
 c - a +3 chain mail of magic resistance (worn)
Wands
 l - a wand of lightning (0/15)
Scrolls
 d - a scroll of fog
 i - a scroll of identify
 m - 2 scrolls of remove curse
Potions
 g - a potion of cure mutation
 h - a potion of degeneration
 j - 2 potions of resistance
Miscellaneous
 e - a phial of floods (inert)
Comestibles
 b - a meat ration
 f - 8 bread rations
 k - a slice of pizza
 n - 7 beef jerkies


   Skills:
 + Level 3.2(2.9) Fighting
 + Level 2.0(1.6) Long Blades
 + Level 3.2(2.9) Armour
   Level 3.6(3.2) Shields


You couldn't memorise any spells.
You didn't know any spells.

Dungeon Overview and Level Annotations

Branches:
Dungeon (15/15)            Temple (1/1) D:2          Depths (0/5) D:15
   Lair: D:8-11         Orc: D:9-12      Vaults: D:13-14

Altars:
Ashenzari
Cheibriados
Makhleb
Nemelex Xobeh
Qazlal
Ru
Sif Muna
Trog
Vehumet
The Shining One
Lugonu

Shops:
D:6 *

Annotations:
D:15 GravitySqueeze's ghost, weakling FoFi


Innate Abilities, Weirdness & Mutations

You are under a permanent stasis effect.
You can dig through walls and to a lower floor.
Your four strong arms can wield two-handed weapons with a shield.
You have a pair of large antennae on your head. (SInv)


Message History

GravitySqueeze's ghost hits you but does no damage.
Your chain mail prevents you from hitting GravitySqueeze's ghost.
GravitySqueeze's ghost hits you but does no damage.
You closely miss GravitySqueeze's ghost.
GravitySqueeze's ghost closely misses you.
You riposte.
You slash GravitySqueeze's ghost!
GravitySqueeze's ghost is moderately damaged.
GravitySqueeze's ghost barely misses you.
Okay, then.
Evoke which item? (* to show all) (? for menu, Esc to quit)
Okay, then.
You hit GravitySqueeze's ghost.
GravitySqueeze's ghost is heavily damaged.
You hear the steady crackling of a distant melting archway.
GravitySqueeze's ghost barely misses you.
You hit GravitySqueeze's ghost.
GravitySqueeze's ghost is severely damaged.
GravitySqueeze's ghost hits you!
Ouch! That really hurt!
You die...

{ ### ..# #.# #.#
### #.#
#@########.####
#W##.....g....####
#g##.#####........
#....# #........
##########.....###
........####
#######g# #.# #.#


You could see GravitySqueeze's ghost and a gnoll.

Vanquished Creatures
  28 gnolls
28 creatures vanquished.

Notes
Turn   | Place    | Note
-------+----------+-------------------------------------------
     0 | D:1      | GravitySqueeze the Formicid Fighter began the quest for the Orb.
     0 | D:1      | Reached XP level 1. HP: 18/18 MP: 1/1
   271 | D:1      | You fall through a shaft!
   690 | D:2      | Found a staircase to the Ecumenical Temple.
   697 | Temple   | Entered the Ecumenical Temple
   723 | Temple   | Became a worshipper of Ru the Awakened
  1396 | D:3      | You fall through a shaft for 3 floors!
  1396 | D:6      | Found Zoxtidgh's Assorted Antiques.
  1560 | D:6      | Bought a scroll labeled LEMOUM WELE for 26 gold pieces
  1560 | D:6      | Bought a scroll labeled TAOR USAUM for 26 gold pieces
  1585 | D:6      | You fall through a shaft for 3 floors!
  1989 | D:9      | You fall through a shaft for 2 floors!
  2238 | D:11     | You fall through a shaft for 3 floors!
  2615 | D:14     | Found a glowing golden altar of the Shining One.
  2714 | D:14     | Found a sparkling altar of Nemelex Xobeh.
  2770 | D:15     | Entered Level 15 of the Dungeon
  2770 | D:15     | Found a staircase to the Depths.
  2980 | D:15     | Noticed GravitySqueeze's ghost (weakling FoFi)
  3019 | D:15     | Noticed GravitySqueeze's ghost (weakling FoFi)
  3124 | D:15     | Slain by GravitySqueeze's ghost

Action                   || total
-------------------------++-------
Melee: Long sword        ||   155
 Abil: Shaft Self        ||     5
Evoke: Wand              ||     1
       Phial of floods   ||     1
  Use: Scroll            ||    10
       Potion            ||     2
Armor: Chain mail        ||    62
       Scale mail        ||     2
Dodge: Dodged            ||    54
